 Dungeon Crawl Stone Soup version 0.29.1-15-g9cfb28693d (webtiles) character file.

Game seed: 18373134404002465348

2926 Carnifexus the Cudgeller (level 9, -1/103 HPs)
             Began as a Demonspawn Berserker on Mar 26, 2023.
             Was an Elder of Trog.
             Slain by a gnoll sergeant
             ... wielding a +0 spear
              (2 damage)
             ... on level 8 of the Dungeon.
             The game lasted 00:15:24 (8427 turns).

Carnifexus the Cudgeller (Demonspawn Berserker)     Turns: 8427, Time: 00:15:24

Health: -1/103     AC: 14    Str: 22    XL:     9   Next: 50%
Magic:  0/9        EV: 11    Int:  8    God:    Trog [****..]
Gold:   538        SH:  0    Dex: 13    Spells: 8/8 levels left

rFire   . . .      SeeInvis .   o - +7 club (freeze)
rCold   . . .      Faith    .   (no shield)
rNeg    + . .      Spirit   +   n - +0 pearl dragon scales
rPois   .          Reflect  .   (no helmet)
rElec   .          Harm     .   (no cloak)
rCorr   +          Rampage  .   K - +0 pair of gloves
Will    +....                   (no boots)
Stlth   ..........              y - amulet of the acrobat
HPRegen 0.27/turn               m - ring of willpower
MPRegen 0.22/turn               t - ring of resist corrosion

@: berserking (expiring), very quick
A: foul stench 1, magic shield, magic regeneration, magic link
a: Renounce Religion, Berserk, Trog's Hand, Brothers in Arms


You were on level 8 of the Dungeon.
You worshipped Trog.
Trog was greatly pleased with you.
You visited 2 branches of the dungeon, and saw 9 of its levels.

You collected 538 gold pieces.

Inventory:

Hand Weapons
 a - a +0 mace
 o - a +7 club of freezing (weapon)
 B - a +0 vorpal trident
Armour
 i - a +0 chain mail
 n - +0 pearl dragon scales (worn)
 A - a +0 robe of the Archmagi
 K - a +0 pair of gloves (worn)
Jewellery
 m - a ring of willpower (left hand)
 t - a ring of resist corrosion (right hand)
 y - an amulet of the acrobat (around neck)
 D - a ring of resist corrosion
Wands
 H - a wand of charming (3)
Scrolls
 c - 2 scrolls of fear
 f - a scroll of poison
 j - 4 scrolls of teleportation
 k - a scroll of enchant armour {unknown}
 s - a scroll of enchant weapon
 E - a scroll of magic mapping {unknown}
 G - a scroll of silence {unknown}
Potions
 d - 5 potions of lignification
 e - 2 potions of heal wounds
 g - 2 potions of resistance {unknown}
 h - 2 potions of might
 l - 3 potions of mutation {unknown}
 p - 2 potions of curing
 r - 2 potions of cancellation {unknown}
 v - a potion of attraction {unknown}
 w - 2 potions of brilliance {unknown}
 x - a potion of haste {unknown}
 I - 2 potions of degeneration {unknown}


   Skills:
 + Level 6.1 Fighting
 + Level 7.8 Maces & Flails
 + Level 7.7 Armour
 + Level 3.7 Dodging
 + Level 1.0 Stealth


You had 8 spell levels left.
You didn't know any spells.
Your spell library was empty.

Dungeon Overview and Level Annotations

Branches:
Dungeon (8/15)             Temple (1/1) D:4
   Lair: D:8-11

Altars:
Cheibriados
Dithmenos
Gozag
Hepliaklqana
Kikubaaqudgha
Makhleb
Okawaru
Qazlal
Sif Muna
Trog
Wu Jian
Xom
Yredelemnul
Lugonu


Innate Abilities, Weirdness & Mutations

You may rarely emit foul miasma when damaged in melee.
When hurt, damage is shared between your health and your magic reserves.
You regenerate magic rapidly.
When low on magic, you restore magic in place of health.


Message History

2 gnolls come into view.
A gnoll comes into view. It is wielding a +0 whip.
The two-headed ogre hits you with a +0 giant spiked club! x2
A red film seems to cover your vision as you go berserk!
You feel yourself moving faster!
You feel mighty!
You sock the two-headed ogre! You freeze the two-headed ogre.
The two-headed ogre is lightly wounded.
The two-headed ogre hits you with a +0 giant spiked club!! x2
* * * LOW HITPOINT WARNING * * *
You thump the two-headed ogre! You freeze the two-headed ogre.
The two-headed ogre is heavily wounded.
You barely miss the two-headed ogre.
The two-headed ogre is heavily wounded.
You sock the two-headed ogre! You freeze the two-headed ogre.
The two-headed ogre is almost dead.
A gnoll sergeant comes into view. It is wielding a +0 spear.
The two-headed ogre hits you with a +0 giant spiked club!
* * * LOW HITPOINT WARNING * * *
The two-headed ogre barely misses you.
You sock the two-headed ogre! You freeze the two-headed ogre.
You kill the two-headed ogre!
Trog accepts your kill.
Your Fighting skill increases to level 6!
Your Stealth skill increases to level 1!
You sock the gnoll! You freeze the gnoll.
The gnoll is severely wounded.
Okay, then.
You are too berserk!
You sock the gnoll! You freeze the gnoll.
You kill the gnoll!
Trog accepts your kill. The gnoll barely misses you.
Items here: ))) †.
You closely miss the gnoll sergeant. The gnoll hits you but does no damage.
The gnoll sergeant hits you but does no damage.
You closely miss the gnoll sergeant. You hit the gnoll sergeant.
You freeze the gnoll sergeant.
The gnoll sergeant is lightly wounded.
The gnoll sergeant hits you with a +0 spear.
You die...

#######
.......
##.......
#........
#........
#........
#####........
#<...@gg.....
######g...$..
.......
.......
.......
.......
.....?.
.......


You could see a gnoll sergeant and 2 gnolls.

Vanquished Creatures
  A two-headed ogre (D:8)
  A troll (D:6)
  A steam dragon (D:6)
  A black bear (D:5)
  3 ogres
  2 orc warriors
  A sky beast (D:7)
  4 phantoms
  A bullfrog (D:7)
  5 scorpions
  2 vampire bats (D:5)
  4 orc priests
  2 hounds (D:5)
  Jessica (D:2)
  Terence (D:2)
  7 orc wizards
  8 gnolls
  4 adders
  3 worms
  2 dart slugs
  25 orcs
  3 bat skeletons (D:5)
  2 bat zombies (D:5)
  3 endoplasms
  3 giant cockroaches
  6 hobgoblins
  13 jackals
  7 kobolds
  A quokka (D:1)
  6 ball pythons
  8 bats
  3 frilled lizards
  5 goblins
  6 rats
145 creatures vanquished.

Vanquished Creatures (others)
  3 plants (D:6)
3 creatures vanquished.

Grand Total: 148 creatures vanquished

Notes
Turn   | Place    | Note
-------+----------+-------------------------------------------
     0 | D:1      | Carnifexus the Demonspawn Berserker began the quest for the
                  | Orb.
     0 | D:1      | Reached XP level 1. HP: 18/18 MP: 1/1
   598 | D:1      | Gained mutation: You regenerate magic rapidly. [demonic
                  | ancestry]
   598 | D:1      | Reached XP level 2. HP: 24/24 MP: 2/2
   972 | D:1      | Reached ** piety under Trog
  1273 | D:1      | Reached XP level 3. HP: 29/29 MP: 3/3
  2048 | D:2      | Noticed Jessica
  2057 | D:2      | Killed Jessica
  2058 | D:2      | Gained mutation: When hurt, damage is shared between your
                  | health and your magic reserves. [demonic ancestry]
  2058 | D:2      | Reached XP level 4. HP: 36/36 MP: 4/4
  2164 | D:2      | Found a hazy altar of Hepliaklqana.
  2194 | D:2      | Noticed Terence
  2212 | D:2      | Killed Terence
  2969 | D:3      | Gained mutation: When low on magic, you restore magic in
                  | place of health. [demonic ancestry]
  2969 | D:3      | Reached XP level 5. HP: 42/42 MP: 5/5
  3071 | D:3      | Reached *** piety under Trog
  3570 | D:3      | Found a snail-covered altar of Cheibriados.
  3749 | D:4      | Found a staircase to the Ecumenical Temple.
  4278 | Temple   | Entered the Ecumenical Temple
  4373 | D:5      | Entered Level 5 of the Dungeon
  4373 | D:5      | You fall into a shaft and drop 1 floor!
  4449 | D:5      | Reached XP level 6. HP: 29/48 MP: 6/6
  4621 | D:5      | Reached skill level 5 in Maces & Flails
  4625 | D:5      | Gained mutation: You may rarely emit foul miasma when
                  | damaged in melee. [demonic ancestry]
  4625 | D:5      | Reached XP level 7. HP: 32/54 MP: 4/7
  5209 | D:5      | Reached skill level 5 in Armour
  5604 | D:5      | Reached XP level 8. HP: 60/61 MP: 8/8
  5613 | D:5      | Found an ancient bone altar of Kikubaaqudgha.
  5705 | D:5      | Found an iron altar of Okawaru.
  5714 | D:5      | Reached skill level 5 in Fighting
  5805 | D:5      | Found a shimmering blue altar of Sif Muna.
  6004 | D:6      | Noticed a troll
  6010 | D:6      | Killed a troll
  6584 | D:6      | Found a hazy altar of Hepliaklqana.
  6666 | D:6      | Reached **** piety under Trog
  6987 | D:6      | Found a shadowy altar of Dithmenos.
  7038 | D:6      | Found an opulent altar of Gozag.
  7874 | D:7      | Reached XP level 9. HP: 63/68 MP: 9/9
  8413 | D:8      | Noticed a two-headed ogre
  8420 | D:8      | HP: 1/103 [two-headed ogre/+0 giant spiked club (14)]
  8421 | D:8      | Killed a two-headed ogre
  8422 | D:8      | Reached skill level 1 in Stealth
  8427 | D:8      | Slain by a gnoll sergeant

Illustrated notes

Levels and vault maps discovered:
D:1:      lightli_molten_gateway, layout_loops_ring, minmay_pentomino_p2
D:2:      layout_rooms, basic_altar, uniq_terence, uniq_jessica
D:3:      layout_loops_ring, slow_altar_2
D:4:      layout_rooms, minmay_temple_entry_glass
D:5:      layout_cave_pools, lemuel_blue_sif_altar, kennysheep_vampire_church,
          lemuel_crystal_altar, st_stairs_12
D:6:      layout_basic, nicolae_elyvilon_peaceful_grove,
          nicolae_hepliaklqana_hazy_memory, mainiacjoe_overflow_large_starburst,
          serial_rivers, chequers_serial_rivers_micro_c,
          chequers_serial_rivers_micro_c, chequers_serial_rivers_small_b,
          chequers_serial_rivers_small_3, chequers_serial_rivers_room_a
D:7:      layout_loops_ring, serial_glass, glass_columns_a, glass_columns_a,
          glass_columns_a, glass_columns_b, glass_columns_a, glass_columns_a,
          glass_columns_a, glass_columns_b, glass_columns_c, glass_columns_c,
          glass_columns_a, glass_columns_a, glass_columns_c, glass_columns_b,
          due_unseen_surprise
D:8:      layout_basic, cheibrodos_ashenzari_chains,
          mainiacjoe_overflow_catwalk_spiral, fedhas_altar_1,
          nicolae_underground_beach
Temple:   corrupted_temple

Skill      XL: |  1  2  3  4  5  6  7  8  9 |
---------------+----------------------------+-----
Maces & Flails | 3 4 5 6 7 |  7.8
Dodging        | 2 3 |  3.7
Armour         | 2 3 4 5 6 7 |  7.7
Fighting       | 4 5 6 |  6.1
Stealth        | 1 |  1.0

Action                   |  1- 3 |  4- 6 |  7- 9 || total
-------------------------+-------+-------+-------++-------
Melee: Mace              |   138 |       |       ||   138
       Club              |       |   140 |   250 ||   390
       Punch             |       |       |     3 ||     3
Invok: Berserk           |       |     2 |     3 ||     5
  Use: Scroll            |     1 |     2 |     9 ||    12
       Potion            |       |       |     5 ||     5
 Stab: Sleeping          |     2 |       |       ||     2
Armor: Animal skin       |    14 |       |       ||    14
       Chain mail        |    47 |    71 |   118 ||   236
       Pearl dragon scal |       |       |    30 ||    30
Dodge: Dodged            |    97 |    69 |   110 ||   276
